 Dungeon Crawl Stone Soup version 0.30-a0-782-ge64f9170bb (webtiles) character file.

Game seed: 11108036202932638319

583 Lavandula the Carver (level 7, -6/52 HPs)
             Began as a Human Monk on Feb 22, 2023.
             Mangled by a gnoll
             ... wielding a +4 spear
              (11 damage)
             ... on level 4 of the Dungeon.
             The game lasted 00:04:31 (3469 turns).

Lavandula the Carver (Human Monk)                   Turns: 3469, Time: 00:04:32

Health: -6/52      AC:  3    Str: 19    XL:     7   Next: 64%
Magic:  7/7        EV: 13    Int: 11    God:
Gold:   201        SH:  0    Dex: 21    Spells: 6/6 levels left

rFire   + . .      SeeInvis .    a - +0 falchion
rCold   + . .      Faith    .    (no shield)
rNeg    . . .      Spirit   .    c - +1 robe {rC+ rF+}
rPois   .          Reflect  .    (no helmet)
rElec   .          Harm     .    (no cloak)
rCorr   .          Rampage  .    (no gloves)
Will    .....                    (no boots)
Stlth   ++                       (no amulet)
HPRegen 0.28/turn                m - +6 ring of dexterity
MPRegen 0.10/turn                g - +6 ring of strength

@: invisible
A: no striking features
a: no special abilities


You were on level 4 of the Dungeon.
You visited 1 branch of the dungeon, and saw 4 of its levels.

You collected 201 gold pieces.

Inventory:

Hand Weapons
 a - a +0 falchion (weapon)
Missiles
 f - 5 javelins (quivered)
 x - 2 poisoned darts
Armour
 b - a +0 robe
 c - a +1 robe of resistance (worn)
 k - a +0 ring mail
 q - a +0 scale mail
Jewellery
 d - a ring of wizardry
 g - a +6 ring of strength (right hand)
 m - a +6 ring of dexterity (left hand)
 y - a ring of flight
Wands
 t - a wand of flame (36)
Scrolls
 i - a scroll of teleportation
 l - a scroll of identify
 s - 2 scrolls of amnesia
 w - 2 scrolls of enchant weapon
 z - a scroll of fog
 A - a scroll of poison {unknown}
 B - a scroll of blinking {unknown}
Potions
 e - a potion of cancellation {unknown}
 h - a potion of haste {unknown}
 j - a potion of heal wounds {unknown}
 n - 2 potions of flight {unknown}
 o - a potion of might {unknown}
 p - a potion of invisibility
 r - a potion of mutation {unknown}
 u - a potion of degeneration {unknown}
 v - a potion of attraction {unknown}


   Skills:
 + Level 3.6 Fighting
 - Level 8.0 Long Blades
 - Level 3.0 Dodging
 - Level 2.0 Stealth


You had 6 spell levels left.
You didn't know any spells.
Your spell library contained the following spells:

 Spells                   Type           Power      Damage    Failure   Level
 Apportation              Tloc           0%         N/A       34%         1
 Necrotise                Necr           0%         1d4       34%         1
 Sandblast                Erth           0%         2d4       34%         1
 Shock                    Conj/Air       0%         1d3       34%         1
 Summon Small Mammal      Summ           0%         N/A       34%         1
 Passwall                 Tmut/Erth      0%         N/A       47%         2
 Sublimation of Blood     Necr           0%         N/A       47%         2
 Wereblood                Tmut           0%         N/A       47%         2
 Gell's Gravitas          Tloc           0%         N/A       71%         3
 Stone Arrow              Conj/Erth      0%         3d7       71%         3
 Swiftness                Air            0%         N/A       71%         3
 Teleport Other           Tloc           0%         N/A       71%         3
 Vhi's Electric Charge    Tloc/Air       0%         N/A       71%         3
 Airstrike                Air            0%         2d(0-16)  98%         4
 Arcjolt                  Conj/Air       0%         1d10      100%        5
 Dispersal                Tloc           0%         N/A       100%        6
 Summon Hydra             Summ           0%         N/A       100%        7
 Maxwell's Capacitive Co  Air            0%         ∞         100%        8


Dungeon Overview and Level Annotations

Branches:
Dungeon (4/15)
 Temple: D:4-7

Altars:

Annotations:
D:3 2 transporters, glosham's ghost, weakling MeAE


Message History

You closely miss the phantom. The phantom hits you.
The phantom blinks!
You blink.
You closely miss the phantom. The phantom hits you.
The phantom blinks!
You blink.
The phantom attacks as you move away! The phantom closely misses you.
The phantom attacks as you move away! The phantom hits you.
There is a stone staircase leading up here.
The phantom hits you.
The phantom blinks!
You blink.
You stop ascending the stairs.
You hit the phantom but do no damage. The phantom closely misses you.
You hit the phantom.
The phantom is lightly damaged.
The phantom closely misses you.
You completely miss the phantom.
The phantom is lightly damaged.
The phantom hits you.
You closely miss the phantom.
The phantom is lightly damaged.
The phantom closely misses you.
You hit the phantom.
The phantom is moderately damaged.
The phantom misses you.
You slash the phantom!
The phantom is severely damaged.
The phantom closely misses you.
You hit the phantom.
The phantom is severely damaged.
The phantom hits you.
You slash the phantom!
The phantom is almost destroyed.
You hit the phantom.
You destroy the phantom!
The gnoll hits you from afar with a +4 spear!
* * * LOW HITPOINT WARNING * * *
The gnoll hits you with a +4 spear!
* * * LOW HITPOINT WARNING * * *
It was a potion of invisibility.
You fade into invisibility!
The gnoll hits you with a +4 spear!
You die...

#.# #g.##... #.# #..####. #.#
#g## #. #.#####§# #.
#########.......#####(
#.......##.....§#.....
##########.#####.##.#.##§#.....
#..........#...#.##.#.##.####..
#.#.##.......#@g....#....#####.
#.#....##..#...#<##.####.......
#.#..#.##..#####.##......#####.
#.#....##........##..##### #.
#...#.....##########.# ##.
###....#### #.# #.. #.......#
#)# #.. #.##.##.#### ###)####
#.. ###.##.#.....#
#......#####..


You could see a gnoll (unable to see you).

Vanquished Creatures
  Sigmund (D:3)
  A phantom (D:4)
  3 orc priests (D:4)
  A hound (D:4)
  Ijyb (D:3)
  8 adders
  7 gnolls (D:3)
  2 worms
  A dart slug (D:2)
  3 orcs
  4 bats
  7 endoplasms
  4 giant cockroaches
  8 goblins
  7 hobgoblins
  2 jackals (D:4)
  5 kobolds
  A quokka (D:1)
  3 ball pythons
  6 frilled lizards
  4 rats
79 creatures vanquished.

Notes
Turn   | Place    | Note
-------+----------+-------------------------------------------
     0 | D:1      | Lavandula the Human Monk began the quest for the Orb.
     0 | D:1      | Reached XP level 1. HP: 18/18 MP: 1/1
   168 | D:1      | Reached XP level 2. HP: 24/24 MP: 2/2
   361 | D:1      | Reached skill level 4 in Long Blades
   361 | D:1      | Reached XP level 3. HP: 27/29 MP: 3/3
  1105 | D:2      | Reached XP level 4. HP: 35/35 MP: 4/4
  1159 | D:2      | Found a faded altar of an unknown god.
  1372 | D:2      | Reached skill level 5 in Long Blades
  1463 | D:2      | Identified the +9 mace of Cobwebs {speed, rF+}
  1505 | D:2      | Reached XP level 5. HP: 41/41 MP: 5/5
  1851 | D:3      | Found a transporter.
  1892 | D:3      | Noticed glosham's ghost (weakling MeAE)
  1896 | D:3      | Noticed Sigmund
  1914 | D:3      | Killed Sigmund
  1915 | D:3      | Reached skill level 6 in Long Blades
  1915 | D:3      | Reached XP level 6. HP: 44/47 MP: 6/6
  1921 | D:3      | Noticed Ijyb
  1925 | D:3      | Found a transporter.
  1930 | D:3      | Killed Ijyb
  2048 | D:3      | Reached skill level 7 in Long Blades
  2360 | D:3      | Reached XP level 7. HP: 12/52 MP: 7/7
  3325 | D:4      | Reached skill level 8 in Long Blades
  3469 | D:4      | Mangled by a gnoll

Illustrated notes

Levels and vault maps discovered:
D:1:      dpeg_arrival_rooms_with_view, layout_loops_ring, nicolae_wormholes
D:2:      layout_basic, ebering_ecumenical_altar_box, mrwooster_statue_mirror,
          nicolae_half_adder
D:3:      layout_basic, gammafunk_ghost_stat_death, uniq_ijyb, uniq_sigmund
D:4:      layout_loops_cross

Skill      XL: |  1  2  3  4  5  6  7 |
---------------+----------------------+-----
Long Blades    | 4 5 6 7 8 |  8.0
Fighting       | |  3.6
Dodging        | |  3.0
Stealth        | |  2.0

Action                     |  1- 3 |  4- 6 |  7- 9 || total
---------------------------+-------+-------+-------++-------
  Melee: Falchion          |   102 |   128 |    54 ||   284
         Punch             |     2 |       |     1 ||     3
  Throw: Javelin           |       |     2 |     3 ||     5
         Dart              |       |     2 |       ||     2
  Evoke: Wand              |       |       |     1 ||     1
    Use: Potion            |       |     1 |     1 ||     2
         Scroll            |       |       |     4 ||     4
   Stab: Sleeping          |     5 |     1 |     3 ||     9
 Armour: Robe              |    14 |     4 |     5 ||    23
         Ring mail         |     5 |       |       ||     5
         Scale mail        |     4 |    20 |       ||    24
  Dodge: Dodged            |    67 |    77 |    28 ||   172

Table legend: (Time is in decaauts)
 A = Elapsed time spent in this place.
 B = Non-inter-level travel time spent in this place.
 C = Inter-level travel time spent in this place.
 D = Time resting spent in this place.
 E = Time spent auto-exploring this place.
 F = Levels seen in this place.
 G = Mean time per level.
                   A        B        C        D        E       F      G
               +--------+--------+--------+--------+--------+-----+--------+
         Total |   3474 |   3398 |     76 |    360 |   2342 |   4 |  868.5 |
       Dungeon |   3474 |   3398 |     76 |    360 |   2342 |   4 |  868.5 |
               +--------+--------+--------+--------+--------+-----+--------+

Top non-repeatable levels by time:
     D:3: 1194 daAuts
     D:2: 971 daAuts
     D:1: 663 daAuts
     D:4: 644 daAuts
